 Dungeon Crawl Stone Soup version 0.30-a0-1082-g70414cbcbb (webtiles) character file.

Game seed: 17150770956926770940

3654 jimonade the Poker (level 10, 0/69 HPs)
             Began as an Octopode Monk on Apr 16, 2023.
             Was a Believer of Cheibriados.
             Slain by a yak (16 damage)
             ... on level 9 of the Dungeon.
             The game lasted 00:16:41 (7052 turns).

jimonade the Poker (Octopode Monk)                  Turns: 7052, Time: 00:16:42

Health: 0/69       AC:  1    Str: 20    XL:     10   Next: 12%
Magic:  13/14      EV: 17    Int: 16    God:    Cheibriados [**....]
Gold:   335        SH:  0    Dex: 24    Spells: 12/14 levels left

rFire   . . .      SeeInvis .    a - +2 war axe (elec)
rCold   . . .      Faith    .    c - orb {light}
rNeg    . . .      Spirit   .    (helmet restricted)
rPois   .          Reflect  .    n - amulet of regeneration
rElec   .          Rampage  .    N - +6 ring of dexterity
rCorr   +                        J - ring of resist corrosion
Will    .....                    (no ring)
Stlth   ++                       (no ring)
HPRegen 1.11/turn                (no ring)
MPRegen 0.14/turn                (no ring)
                                 (no ring)
                                 (no ring)

@: glowing, very slow
A: almost no armour, amphibious, 8 rings, camouflage 1, gelatinous body 1,
(nimble swimmer 1), tentacles
a: Renounce Religion, Bend Time


You were on level 9 of the Dungeon.
You worshipped Cheibriados.
Cheibriados was pleased with you.
You visited 2 branches of the dungeon, and saw 10 of its levels.

You collected 497 gold pieces.
You spent 162 gold pieces at shops.

Inventory:

Hand Weapons
 a - a +2 war axe of electrocution (weapon)
 b - a +2 spear of freezing
 h - a +0 sling
 q - a +0 hand axe
 y - a +0 heavy spear
 E - a +1 vampiric whip
 K - a +1 trident of protection
Missiles
 v - 20 poisoned darts (quivered)
 O - a throwing net
Armour
 c - an orb of light (worn)
Jewellery
 n - an amulet of regeneration (around mantle)
 G - an amulet of guardian spirit
 J - a ring of resist corrosion (right tentacle)
 N - a +6 ring of dexterity (left tentacle)
Wands
 A - a wand of mindburst (13)
 D - a wand of flame (9)
 F - a wand of iceblast (5)
 I - a wand of light (15)
Scrolls
 i - 3 scrolls of blinking
 j - 2 scrolls of brand weapon
 m - a scroll of enchant armour {unknown}
 p - 6 scrolls of teleportation
 r - a scroll of immolation {unknown}
 s - 2 scrolls of fear
 u - a scroll of magic mapping
 w - a scroll of enchant weapon {unknown}
 L - a scroll of torment {unknown}
 M - a scroll of amnesia {unknown}
 P - a scroll of poison {unknown}
Potions
 e - 7 potions of curing
 f - 2 potions of berserk rage
 g - 4 potions of heal wounds
 k - a potion of brilliance {unknown}
 l - 2 potions of lignification
 o - a potion of invisibility {unknown}
 t - 2 potions of degeneration
 x - a potion of attraction {unknown}
 z - a potion of ambrosia
 B - a potion of might {unknown}
 C - a potion of cancellation {unknown}
 H - a potion of mutation {unknown}


   Skills:
 + Level 6.6 Fighting
 - Level 4.2(6.4) Axes
 - Level 7.4(7.9) Polearms
 + Level 5.7 Dodging
 - Level 4.6 Stealth
 + Level 2.8 Spellcasting
 * Level 7.2 Summonings


You had 12 spell levels left.
You knew the following spells:

 Your Spells              Type           Power      Damage    Failure   Level
a - Call Imp              Summ           50%        N/A       1%          2

Your spell library contained the following spells:

 Spells                   Type           Power      Damage    Failure   Level
 Magic Dart               Conj           8%         1d3       19%         1
 Mephitic Cloud           Conj/Pois/Air  2%         N/A       50%         3


Dungeon Overview and Level Annotations

Branches:
Dungeon (9/15)             Temple (1/1) D:4            Lair (0/5) D:8
    Orc: D:9-12

Altars:
Ashenzari
Cheibriados
Dithmenos
Elyvilon
Fedhas
Gozag
Hepliaklqana
Kikubaaqudgha
Makhleb
Nemelex Xobeh
Qazlal
Ru
Sif Muna
Trog
Uskayaw
Vehumet
Wu Jian
Xom
Yredelemnul
Zin
The Shining One

Shops:
D:4 ([:?   D:6 (

Annotations:
D:5 1 runed translucent door, Crazy Yiuf


Innate Abilities, Weirdness & Mutations

You cannot wear most types of armour.
You are amphibious.
You can wear up to eight rings at the same time.
Your skin changes colour to match your surroundings (Stealth+).
Your rubbery body absorbs attacks. (AC +1, EV +1)
((You are camouflaged when in or above water. (Stealth+)))
You have tentacles for arms and can constrict up to eight enemies at once.


Message History

You hit the yak.
You hear a shout!
The yak gores you! x2
You are too injured to fight recklessly!
You are too injured to fight recklessly!
Casting: Call Imp (safe; 1% risk of failure)
Confirm with . or Enter, or press ? or * to list all spells.
Okay, then.
Unknown command.
You slash the yak! Lightning courses through the yak!
You kill the yak!
Cheibriados appreciates the change of pace.
You barely miss the yak. The yak misses you.
A centaur comes into view.
The yak closely misses you.
Your Summonings skill increases to level 7!
You hit the yak. You squeeze the yak.
The yak is moderately wounded.
The yak completely misses you.
You completely miss the yak. You squeeze the yak.
The yak is heavily wounded.
The yak misses you.
You slash the yak! Lightning courses through the yak! You squeeze the yak.
You kill the yak!
Cheibriados appreciates the change of pace.
You hit the yak. The yak barely misses you.
You hit the centaur.
The centaur is moderately wounded.
You hit the yak but do no damage. The centaur hits you.
The centaur kicks you but does no damage.
The yak gores you!
* * * LOW HITPOINT WARNING * * *
The centaur barely misses you. The centaur misses you.
You hit the yak but do no damage.
The yak is lightly wounded.
You slash the centaur! Lightning courses through the centaur!
You kill the centaur!
Cheibriados thoroughly appreciates the change of pace.
The yak gores you!
You die...

#####....#
####....
#......)# ...
####....####
.. #........#
. #.##.....##
#.........#
#..#########..
#......).$.<..
##.#..@Y......
...#.#####....
##..#.# .
#..#.. ...#.#
.#.#### .#.


You could see a yak.

Vanquished Creatures
  Joseph (D:7)
  Prince Ribbit (D:5)
  2 yaks (D:9)
  A wyvern (D:9)
  A water moccasin (D:5)
  An orc warrior (D:8)
  An ice beast (D:5)
  4 black bears
  A centaur (D:9)
  A kobold brigand (D:7)
  A phantom (D:4)
  6 bullfrogs
  2 gnoll sergeants
  2 scorpions
  4 howler monkeys
  3 hounds
  3 orc priests (D:8)
  A gnoll bouda (D:6)
  4 jellies
  3 iron imps (D:4)
  4 orc wizards
  4 iguanas
  19 gnolls
  2 adders (D:5)
  A shadow imp (D:5)
  2 white imps
  3 ufetubi
  A worm (D:2)
  5 dart slugs
  9 orcs
  7 endoplasms
  2 giant cockroaches
  4 goblins
  8 hobgoblins
  5 jackals
  12 kobolds
  4 ball pythons
  2 bats (D:2)
  A frilled lizard (D:2)
  6 rats
144 creatures vanquished.

Vanquished Creatures (collateral kills)
  A kobold brigand (D:7)
  A bullfrog (D:8)
  A gnoll sergeant (D:7)
  A kobold (D:7)
4 creatures vanquished.

Vanquished Creatures (others)
  A kobold (D:7)
  2 fungi (D:8)
  A plant (D:8)
4 creatures vanquished.

Grand Total: 152 creatures vanquished

Notes
Turn   | Place    | Note
-------+----------+-------------------------------------------
     0 | D:1      | jimonade the Octopode Monk began the quest for the Orb.
     0 | D:1      | Reached XP level 1. HP: 16/16 MP: 1/1
   210 | D:1      | Reached XP level 2. HP: 21/21 MP: 2/2
  1195 | D:2      | Reached XP level 3. HP: 25/26 MP: 3/3
  1873 | D:3      | You fall into a shaft and drop 1 floor!
  1888 | D:4      | Noticed a phantom
  1917 | D:4      | Killed a phantom
  1918 | D:4      | Reached skill level 1 in Summonings
  1918 | D:4      | Reached XP level 4. HP: 30/33 MP: 4/4
  1959 | D:3      | Reached XP level 5. HP: 37/37 MP: 5/5
  2044 | D:3      | Reached skill level 1 in Stealth
  2049 | D:3      | Identified the +8 chain mail "Asoupnin" {rF+ Will+ Int+4}
  2363 | D:3      | Found a glowing golden altar of the Shining One.
  2363 | D:3      | Found a white marble altar of Elyvilon.
  2363 | D:3      | Found a glowing silver altar of Zin.
  2477 | D:4      | Found a staircase to the Ecumenical Temple.
  2623 | Temple   | Entered the Ecumenical Temple
  2817 | D:4      | Found Muyck's Magic Scroll Shop.
  2817 | D:4      | Noticed a black bear
  2830 | D:4      | Killed a black bear
  2831 | D:4      | Reached skill level 1 in Polearms
  2831 | D:4      | Reached XP level 6. HP: 25/43 MP: 6/6
  2856 | D:4      | Bought a scroll of teleportation for 33 gold pieces
  2856 | D:4      | Bought a scroll of blinking for 82 gold pieces
  2858 | D:4      | Bought a scroll of identify for 22 gold pieces
  3082 | D:4      | Found Paile's Antique Armour Boutique.
  3170 | D:4      | Found a burning altar of Makhleb.
  3244 | D:4      | Found Paip's Book Shop.
  3286 | D:4      | Found Qubro's Weapon Boutique.
  3294 | D:4      | Bought 3 poisoned darts for 25 gold pieces
  3333 | D:4      | Found an ornate altar of the Wu Jian Council.
  3704 | D:5      | Entered Level 5 of the Dungeon
  3707 | D:5      | Reached XP level 7. HP: 49/49 MP: 7/7
  3985 | D:5      | Noticed Prince Ribbit
  3995 | D:5      | Killed Prince Ribbit
  3996 | D:5      | Reached XP level 8. HP: 48/54 MP: 8/8
  4195 | D:5      | Reached skill level 5 in Polearms
  4280 | D:5      | Found a runed translucent door.
  4280 | D:5      | Noticed Crazy Yiuf
  4577 | D:6      | Reached skill level 5 in Fighting
  4921 | D:6      | Found Miutwyod's Weapon Shoppe.
  5363 | D:7      | Identified the +3 scale mail of Space {rF+ Will- rCorr}
  5372 | D:7      | Learned a level 2 spell: Call Imp
  5385 | D:7      | Noticed Joseph
  5412 | D:7      | Killed Joseph
  5413 | D:7      | Reached XP level 9. HP: 31/61 MP: 4/9
  5571 | D:7      | Reached skill level 5 in Summonings
  5579 | D:7      | Reached skill level 5 in Dodging
  5640 | D:7      | Reached skill level 1 in Spellcasting
  6158 | D:8      | Found a staircase to the Lair.
  6658 | D:8      | Found a snail-covered altar of Cheibriados.
  6766 | D:8      | Became a worshipper of Cheibriados the Contemplative
  6766 | D:8      | Reached * piety under Cheibriados
  6766 | D:8      | Reached ** piety under Cheibriados
  7013 | D:9      | Reached XP level 10. HP: 50/69 MP: 13/13
  7052 | D:9      | Slain by a yak

Illustrated notes

Levels and vault maps discovered:
D:1:      evilmike_arrival_hilbert_curve, layout_basic, corexii_hall_statues_l
D:2:      layout_basic
D:3:      layout_basic, dreamdust_divine_triumvirate
D:4:      layout_basic, demons_altar, nicolae_wu_jian_wuxing_cycle,
          minmay_temple_entry_butterflies, serial_shops, shop, shop,
          nicolae_shop_just_a_little_nook, shop, minmay_misc_feat_x,
          minmay_misc_feat_tiny
D:5:      layout_basic, uniq_prince_ribbit1, uniq_crazy_yiuf_cottage
D:6:      layout_basic, serial_shops, shop, nicolae_kite_square_tiling_tiny
D:7:      layout_basic, kennysheep_decorative_pillar, uniq_joseph
D:8:      layout_rooms, cheibriados_altar_1, dpeg_oklobed_lair, serial_aquarium,
          aquarium_bridge_square [aquarium_subvault_bridge,
          aquarium_subvault_bridge, aquarium_subvault_balcony,
          aquarium_subvault_window], aquarium_bridge_island_small
          [aquarium_subvault_small_water, aquarium_subvault_bridge,
          aquarium_subvault_bridge, aquarium_subvault_balcony,
          aquarium_subvault_window], aquarium_window_fake, aquarium_window_2,
          aquarium_window_1, aquarium_view_2b, aquarium_view_4,
          aquarium_pool_split, grunt_ministairs_14
D:9:      cheibrodos_iron_armory, layout_basic, uniq_maggie
Temple:   bh_familiar_temple

Skill      XL: |  1  2  3  4  5  6  7  8  9 10 |
---------------+-------------------------------+-----
Axes           | 4 |  4.2
Summonings     | 1 2 3 4 6 7 |  7.2
Stealth        | 2 3 4 |  4.6
Fighting       | 4 5 6 |  6.6
Polearms       | 1 2 4 6 7 |  7.4
Dodging        | 4 5 |  5.7
Spellcasting   | 2 |  2.8

Action                     |  1- 3 |  4- 6 |  7- 9 | 10-12 || total
---------------------------+-------+-------+-------+-------++-------
  Melee: Hand axe          |    68 |       |       |       ||    68
         Tentacles         |    19 |    16 |    62 |     4 ||   101
         Constrict         |    16 |    19 |    45 |       ||    80
         Trident           |       |    74 |   197 |       ||   271
         Spear             |       |       |     2 |       ||     2
         Punch             |       |       |     1 |       ||     1
         War axe           |       |       |    39 |     9 ||    48
   Cast: Call Imp          |       |       |    16 |       ||    16
    Use: Scroll            |       |     2 |     7 |       ||     9
   Stab: Sleeping          |     2 |     4 |     4 |       ||    10
         Distracted        |       |       |     2 |       ||     2
 Armour: Skin              |     3 |    13 |    33 |     1 ||    50
  Dodge: Dodged            |    38 |    28 |   123 |     8 ||   197

Table legend: (Time is in decaauts)
 A = Elapsed time spent in this place.
 B = Non-inter-level travel time spent in this place.
 C = Inter-level travel time spent in this place.
 D = Time resting spent in this place.
 E = Time spent auto-exploring this place.
 F = Levels seen in this place.
 G = Mean time per level.
                   A        B        C        D        E       F      G
               +--------+--------+--------+--------+--------+-----+--------+
         Total |   7146 |   6822 |    324 |    253 |   5192 |  10 |  714.6 |
       Dungeon |   6957 |   6653 |    304 |    253 |   5031 |   9 |  773.0 |
        Temple |    189 |    169 |     20 |      0 |    161 |   1 |  189.0 |
               +--------+--------+--------+--------+--------+-----+--------+

Top non-repeatable levels by time:
     D:1: 1053 daAuts
     D:4: 1027 daAuts
     D:8: 893 daAuts
     D:6: 813 daAuts
     D:5: 790 daAuts
     D:3: 769 daAuts
     D:7: 727 daAuts
     D:2: 702 daAuts
  Temple: 189 daAuts
     D:9: 179 daAuts
